 Dungeon Crawl Stone Soup version 0.30-a0-313-gae38170b09 (webtiles) character file.

Game seed: 7804630062308729184

32 NinjaNoafa the Chopper (level 3, -3/31 HPs)
             Began as a Hill Orc Fighter on Oct 26, 2022.
             Succumbed to a kobold's poison
             ... on level 1 of the Dungeon.
             The game lasted 00:01:36 (672 turns).

NinjaNoafa the Chopper (Hill Orc Fighter)            Turns: 672, Time: 00:01:37

Health: -3/31      AC:  9    Str: 20    XL:     3   Next: 25%
Magic:  3/3        EV:  7    Int:  8    God:
Gold:   12         SH:  4    Dex: 10    Spells: 2/2 levels left

rFire   . . .      SeeInvis .    a - +0 war axe
rCold   . . .      Faith    +    c - +0 buckler
rNeg    . . .      Spirit   .    f - +0 chain mail
rPois   .          Reflect  .    (no helmet)
rElec   .          Harm     .    (no cloak)
rCorr   .          Rampage  .    (no gloves)
Will    .....                    (no boots)
Stlth   ..........               j - amulet of faith
HPRegen 0.25/turn                (no ring)
MPRegen 0.08/turn                (no ring)

@: lethally poisoned (-3 -> -41), attractive
A: no striking features
a: no special abilities


You were on level 1 of the Dungeon.
You visited 1 branch of the dungeon, and saw 1 of its levels.

You collected 12 gold pieces.

Inventory:

Hand Weapons
 a - a +0 war axe (weapon)
Missiles
 b - 3 stones (quivered)
 m - 2 poisoned darts
Armour
 c - a +0 buckler (worn)
 f - a +0 chain mail (worn)
Jewellery
 j - an amulet of faith (around neck)
Scrolls
 e - 2 scrolls of poison {unknown}
 g - a scroll of identify {unknown}
 i - a scroll of silence {unknown}
 l - 4 scrolls of enchant weapon {unknown}
 n - a scroll of fear {unknown}
 o - a scroll of magic mapping {unknown}
Potions
 d - a potion of might
 k - a potion of brilliance {unknown}


   Skills:
 - Level 3.6 Fighting
 + Level 4.8 Axes
 - Level 3.2 Armour
 - Level 3.2 Shields


You had 2 spell levels left.
You didn't know any spells.
Your spell library was empty.

Dungeon Overview and Level Annotations

Branches:
Dungeon (1/15)

Altars:


Message History

The kobold is wielding a +0 dagger of venom.
The kobold shouts!
The goblin shouts!
There are monsters nearby!
There are monsters nearby!
Found a gluggy clear potion.
The kobold hits you but does no damage.
You are poisoned.
You slash the goblin!
You kill the goblin!
You barely miss the kobold.
You feel very sick. The kobold hits you but does no damage.
You hit the kobold.
The kobold is moderately wounded.
You feel sick.
The kobold hits you but does no damage. x2
You are more poisoned.
You hit the kobold.
The kobold is severely wounded.
You feel very sick. The kobold hits you but does no damage.
You are more poisoned.
You barely miss the kobold.
The kobold is severely wounded.
You feel very sick. You block the kobold's attack.
You completely miss the kobold.
The kobold is severely wounded.
You feel very sick.
The kobold hits you with a +0 dagger of venom.
You are more poisoned.
You closely miss the kobold.
The kobold is severely wounded.
* * * LOW HITPOINT WARNING * * *
You feel extremely sick. The kobold hits you but does no damage.
You are more poisoned.
The kobold hits you but does no damage.
You are more poisoned.
It was a potion of attraction.
You feel attractive to monsters.
You die...

# ### ###.#####.#
.####..#####.#########
...........#.#.......#
#........#.#####.#
#......#.............##.####
#.#.#...........#.##.......#
......####...###.......##.#
##..#############.##.##†#
#..............K@.##....#
#.#.###.##.....)..##.##.#
........##[.......##....#
.........................
..##.##.##.......###.####
#.##.##.##.......# .#
#...........###..!
#.##.##.###.# #.##
#.......###.##..


You could see a kobold.

Vanquished Creatures
  2 dart slugs (D:1)
  4 ball pythons (D:1)
  An endoplasm (D:1)
  2 giant cockroaches (D:1)
  4 goblins (D:1)
  2 hobgoblins (D:1)
  3 quokkas (D:1)
  A bat (D:1)
  A frilled lizard (D:1)
  3 kobolds (D:1)
  2 rats (D:1)
25 creatures vanquished.

Notes
Turn   | Place    | Note
-------+----------+-------------------------------------------
     0 | D:1      | NinjaNoafa the Hill Orc Fighter began the quest for the
                  | Orb.
     0 | D:1      | Reached XP level 1. HP: 19/19 MP: 1/1
    29 | D:1      | Reached skill level 3 in Axes
   218 | D:1      | Reached XP level 2. HP: 21/26 MP: 2/2
   345 | D:1      | Reached skill level 4 in Axes
   401 | D:1      | Reached XP level 3. HP: 29/31 MP: 3/3
   672 | D:1      | Succumbed to a kobold's poison

Illustrated notes

Levels and vault maps discovered:
D:1:      psy_arrival_radial02, layout_loops_cross, serial_glass,
          glass_columns_a, glass_columns_a, minmay_misc_feat_nine_boxes,
          grunt_decor_resistance, minmay_heptomino_o4

Skill      XL: |  1  2 |
---------------+-------+-----
Axes           | 3 4 |  4.8
Fighting       | |  3.6
Armour         | |  3.2
Shields        | |  3.2

Action                   || total
-------------------------++-------
Melee: War axe           ||    70
  Use: Potion            ||     1
Armor: Scale mail        ||     8
       Chain mail        ||    39
Dodge: Dodged            ||    21
Block: Buckler           ||    12

Table legend: (Time is in decaauts)
 A = Elapsed time spent in this place.
 B = Non-inter-level travel time spent in this place.
 C = Inter-level travel time spent in this place.
 D = Time resting spent in this place.
 E = Time spent auto-exploring this place.
 F = Levels seen in this place.
 G = Mean time per level.
                   A        B        C        D        E       F      G
               +--------+--------+--------+--------+--------+-----+--------+
         Total |    695 |    659 |     36 |      0 |    437 |   1 |  695.0 |
       Dungeon |    695 |    659 |     36 |      0 |    437 |   1 |  695.0 |
               +--------+--------+--------+--------+--------+-----+--------+

Top non-repeatable levels by time:
     D:1: 695 daAuts
